 Dungeon Crawl Stone Soup version 0.23.2-40-g277498a001 (webtiles) character file.

Game seed: 14593811491638791177

277 MalarOregon the Conjurer (level 6, -4/48 HPs)
             Began as a Draconian Conjurer on Sept 4, 2019.
             Slain by Menkaure (11 damage)
             ... on level 4 of the Dungeon.
             The game lasted 00:04:24 (2351 turns).

MalarOregon the Conjurer (Draconian Conjurer)       Turns: 2351, Time: 00:04:25

Health: -4/48      AC:  6    Str: 10    XL:     6   Next: 4%
Magic:  0/11       EV: 12    Int: 18    God:
Gold:   143        SH:  1    Dex: 11    Spells: 9/12 levels left

rFire    . . .     SeeInvis .   m - +2 hand axe (chop)
rCold    . . .     Gourm    .   s - -2 buckler (curse)
rNeg     . . .     Faith    .   (armour unavailable)
rPois    .         Spirit   .   (helmet restricted)
rElec    .         Reflect  .   (no cloak)
rCorr    .         Harm     .   (no gloves)
MR       .....                  (no boots)
Stlth    ++........             (no amulet)
HPRegen  0.16/turn              (no ring)
MPRegen  0.12/turn              (no ring)

@: no status effects
A: unfitting armour, cold-blooded, AC +6
a: no special abilities


You were on level 4 of the Dungeon.
You were not hungry.

You visited 1 branch of the dungeon, and saw 4 of its levels.

You collected 143 gold pieces.

Inventory:

Hand Weapons
 m - a +2 hand axe of chopping (weapon)
   (You found it on level 1 of the Dungeon)
 n - a +2 short sword of venom
   (You found it on level 2 of the Dungeon)
 u - a +0 short sword of holy wrath
   (You found it on level 3 of the Dungeon)
Armour
 s - a cursed -2 buckler (worn)
   (You found it on level 3 of the Dungeon)
 v - a scarf of repulsion
   (You found it on level 3 of the Dungeon)
Jewellery
 c - a +2 ring of protection {unknown}
   (You found it on level 2 of the Dungeon)
 j - an uncursed ring of protection from magic {unknown}
   (You found it on level 1 of the Dungeon)
 k - an uncursed ring of fire {unknown}
   (You found it on level 1 of the Dungeon)
 z - an uncursed ring of see invisible {unknown}
   (You found it on level 3 of the Dungeon)
Scrolls
 a - a scroll of blinking {unknown}
 b - 2 scrolls of enchant weapon {unknown}
 d - 4 scrolls of identify {unknown}
 f - 7 scrolls of teleportation {unknown}
 g - 2 scrolls of amnesia {unknown}
 h - 2 scrolls of remove curse {unknown}
 i - a scroll of immolation {unknown}
 o - a scroll of noise {unknown}
 r - a scroll of random uselessness {unknown}
 w - a scroll of magic mapping {unknown}
 x - a scroll of fog {unknown}
 y - a scroll of fear {unknown}
Potions
 l - 2 potions of heal wounds {unknown}
 p - 2 potions of might {unknown}
 t - a potion of curing {unknown}
 A - a potion of cancellation {unknown}
Comestibles
 e - 11 rations {!d}
 q - 6 chunks of flesh


   Skills:
 + Level 2.3 Fighting
 + Level 2.6 Dodging
 + Level 2.9 Stealth
 + Level 1.1 Shields
 * Level 3.7 Spellcasting
 + Level 4.6 Conjurations


You had 9 spell levels left.
You knew the following spells:

 Your Spells              Type           Power        Failure   Level  Hunger
a - Magic Dart            Conj           ###.         3%          1    None
s - Searing Ray           Conj           ###...       4%          2    ##.....

Your spell library contained the following spells:

 Spells                   Type           Power        Failure   Level  Hunger
 Dazzling Spray           Conj/Hex       ##....       26%         3    ###....
 Iskenderun's Mystic Bla  Conj           ###.....     32%         4    ####...
 Force Lance              Conj/Tloc      ##......     63%         4    ####...
 Fulminant Prism          Conj/Hex       ##........   63%         4    ####...


Dungeon Overview and Level Annotations

Branches:
Dungeon (4/15)
 Temple: D:4-7

Altars:

Annotations:
D:3 1 runed translucent door, Crazy Yiuf
D:4 Menkaure


Innate Abilities, Weirdness & Mutations

Your plain brown scales are hard. (AC +6)
You cannot fit into any form of body armour.
You are cold-blooded and may be slowed by cold attacks.


Message History

a cursed -1 giant club; an ogre corpse You butcher the ogre corpse.
q - 5 chunks of flesh
Things that are here:
a cursed -1 giant club; an ogre skeleton
Things that are here:
a cursed -1 giant club; an ogre skeleton Eating one of 5 chunks of flesh.
You eat one of the 5 chunks of flesh.
You butcher the worm corpse.
q - 6 chunks of flesh (gained 2)
f - 7 scrolls labeled YRCHEU NAQOHO (gained 3)
b - 2 scrolls labeled PULUACV DYSU (gained 1)
A - a murky coppery potion
Found a leather armour.
You see here a leather armour.
Menkaure, Prince of Dust comes into view.
You can't see any susceptible monsters within range! (Use Z to cast anyway.)
Aim: Menkaure The searing ray hits Menkaure. (Press . to maintain the ray.)
The searing ray hits Menkaure.
Menkaure gestures wildly while chanting.
Menkaure seems to speed up.
The searing ray hits Menkaure.
The searing ray hits Menkaure!
You finish channeling your searing ray.
Aim: Menkaure (almost destroyed, fast)
The magic dart hits Menkaure but does no damage.
Menkaure hits you.
Aim: Menkaure (almost destroyed, fast)
The magic dart hits Menkaure but does no damage.
Menkaure hits you!
Aim: Menkaure (almost destroyed, fast)
The magic dart hits Menkaure but does no damage.
Menkaure misses you. Menkaure hits you!
Aim: Menkaure (almost destroyed, fast)
The searing ray misses Menkaure. (Press . to maintain the ray.) Menkaure hits you but does no damage.
The searing ray hits Menkaure.
Menkaure gestures at you while chanting.
You barely resist.
The searing ray misses Menkaure.
You block Menkaure's attack.
Without enough magic to sustain it, your searing ray dissipates.
Menkaure hits you!!
* * * LOW HITPOINT WARNING * * *
Wield which item (- for none, * to show all)? (? for menu, Esc to quit)
Your +2 short sword of venom stops dripping with poison.
m - a +2 hand axe of chopping (weapon)
Menkaure hits you!
You die...

#... ##...######
#.........#
#....#.##.#
#.......#.#
#.#.....#.#
..###.#.##..#.####
.............[..#
###.......####@#
##.#.###.# #M#
#........# #.#
#.......## #.#
#.......# ...
#.....<.# ...
#.[...).# .#.
#.......# #. ##
#.......#


You could see Menkaure.

Vanquished Creatures
  An ogre (D:4)
  A jelly (D:3)
  Jessica (D:3)
  4 adders
  2 oozes
  6 worms
  3 dart slugs
  A leopard gecko (D:2)
  9 orcs
  2 giant cockroaches (D:1)
  6 hobgoblins
  12 kobolds
  3 quokkas (D:3)
  5 bats
  2 frilled lizards
  5 goblins
  5 rats
68 creatures vanquished.

Notes
Turn   | Place    | Note
-------+----------+-------------------------------------------
     0 | D:1      | MalarOregon the Draconian Conjurer began the quest for the
                  | Orb.
     0 | D:1      | Reached XP level 1. HP: 14/14 MP: 3/3
   335 | D:1      | Reached XP level 2. HP: 22/22 MP: 0/5
   471 | D:1      | Learned a level 2 spell: Searing Ray
   756 | D:1      | Reached skill level 1 in Fighting
   852 | D:2      | Reached XP level 3. HP: 28/28 MP: 1/6
  1153 | D:2      | Reached XP level 4. HP: 35/35 MP: 8/8
  1634 | D:3      | Noticed Jessica
  1639 | D:3      | Killed Jessica
  1806 | D:3      | Reached XP level 5. HP: 34/41 MP: 3/10
  2167 | D:3      | Found a runed translucent door.
  2168 | D:3      | Noticed Crazy Yiuf
  2187 | D:4      | Noticed an ogre
  2193 | D:4      | Killed an ogre
  2193 | D:4      | Reached skill level 1 in Shields
  2193 | D:4      | Reached XP level 6. HP: 48/48 MP: 7/11
  2338 | D:4      | Noticed Menkaure
  2351 | D:4      | Slain by Menkaure

Skill      XL: |  1  2  3  4  5 |
---------------+----------------+-----
Stealth        | 2 |  2.9
Dodging        | 2 |  2.6
Fighting       | 1 2 |  2.3
Spellcasting   | 3 |  3.7
Shields        | 1 |  1.1
Conjurations   | |  4.6

Action                   |  1- 3 |  4- 6 || total
-------------------------+-------+-------++-------
Melee: Unarmed           |     9 |       ||     9
       Short sword       |    30 |    82 ||   112
       Hand axe          |     3 |       ||     3
       Tailslap          |     1 |     5 ||     6
 Cast: Magic Dart        |    37 |    19 ||    56
       Searing Ray       |     3 |     7 ||    10
 Stab: Sleeping          |     2 |     6 ||     8
  Eat: Chunk             |     1 |     5 ||     6
Armor: Skin              |    19 |    17 ||    36
Dodge: Dodged            |    38 |    54 ||    92
Block: Buckler           |       |     2 ||     2
